 Dungeon Crawl Stone Soup version 0.31-a0-95-g6fa058ef04 (webtiles) character file.

Game seed: 4362695177051363009

1961 NateTC the Thaumaturge (level 9, -3/57 HPs)
             Began as a Djinni Ice Elementalist on May 25, 2023.
             Was an Initiate of Gozag.
             Slain by a yak (13 damage)
             ... on level 7 of the Dungeon on May 26, 2023.
             The game lasted 00:16:38 (4402 turns).

NateTC the Thaumaturge (Djinni Ice Elementalist)    Turns: 4402, Time: 00:16:40

Health: -3/57      AC: 16    Str:  7    XL:     9   Next: 42%
Gold:   572        EV: 12    Int: 21    God:    Gozag SH:  5 Dex: 14

rFire   + . .        a - +3 arbalest "Ynnosot" {flame, rC+}
rCold   + . .        (shield currently unavailable)
rNeg    . . .        f - +0 robe
rPois   ∞            x - +2 helmet
rElec   .            u - +0 cloak
rCorr   .            (no gloves)
SInv    .            (boots unavailable)
Will    .....        d - amulet of reflection
Stlth   ++           t - ring of ice
HPRegen 0.29/turn    (no ring)
MPRegen 0.00/turn

%: reflection, infuse magic (-4 HP)
@: ice-armoured, gold aura, freezing walls, flying
A: sickness immunity, fire resistance 2, cold vulnerability 1, float, innate
caster, HP casting, extra vitality 1
a: Renounce Religion, Potion Petition, Call Merchant, Bribe Branch


You were on level 7 of the Dungeon.
You worshipped Gozag.
Gozag was pleased with you.
You visited 1 branch of the dungeon, and saw 7 of its levels.

You collected 720 gold pieces.
You spent 126 gold pieces at shops.
You paid 22 gold pieces to Gozag.

Inventory:

Hand Weapons
 a - the +3 arbalest "Ynnosot" (weapon) {flame, rC+}
   (You found it on level 2 of the Dungeon)

   rC:        It protects you from cold.
 l - a +1 dagger
Armour
 f - a +0 robe (worn)
 u - a +0 cloak (worn)
 x - a +2 helmet (worn)
Jewellery
 d - an amulet of reflection (around neck)
 t - a ring of ice (left hand)
Wands
 m - a wand of mindburst (10)
 r - a wand of polymorph (7)
Scrolls
 b - a scroll of immolation
 j - 3 scrolls of poison
 v - 2 scrolls of blinking
Potions
 c - 4 potions of heal wounds
 e - a potion of mutation
 g - 2 potions of magic
 h - 2 potions of invisibility
 i - a potion of might {unknown}
 k - 3 potions of lignification
 n - a potion of brilliance {unknown}
 o - 3 potions of enlightenment {unknown}
 p - 4 potions of attraction
 s - a potion of degeneration {unknown}
 w - a potion of berserk rage {unknown}


   Skills:
 - Level 1.1 Fighting
 - Level 2.1 Dodging
 - Level 1.5 Stealth
 + Level 9.4 Spellcasting
 + Level 9.4 Conjurations
 + Level 9.4 Hexes
 + Level 9.4 Summonings
 + Level 9.4 Necromancy
 + Level 9.4 Translocations
 + Level 9.4 Transmutations
 + Level 9.4 Fire Magic
 + Level 9.4 Ice Magic
 + Level 9.4 Air Magic
 + Level 9.4 Earth Magic
 + Level 9.4 Poison Magic


You knew the following spells:

 Your Spells              Type           Power      Damage    Failure   Level
a - Freeze                Ice            100%       1d10      1%          1
b - Frozen Ramparts       Ice            100%       1d16      1%          3
c - Ozocubu's Armour      Ice            65%        N/A       1%          3
d - Summon Ice Beast      Ice/Summ       61%        N/A       2%          4
e - Apportation           Tloc           98%        N/A       1%          1
f - Searing Ray           Conj           98%        2d8       1%          2
g - Call Canine Familiar  Summ           49%        N/A       1%          3
h - Ice Form              Ice/Tmut       61%        N/A       2%          4
Your spell library was empty.

Dungeon Overview and Level Annotations

Branches:
Dungeon (7/15) Zot: 26978  Temple (0/1) D:6

Altars:
Ashenzari
Cheibriados
Gozag
Qazlal
The Shining One

Shops:
D:5 [


Innate Abilities, Weirdness & Mutations

You are immune to sickness and miasma.
You are immune to poison.
Your flesh is very heat resistant. (rF++)
You are vulnerable to cold. (rC-)
You float through the air rather than walking.
You learn spells naturally, not from books.
Your magical power is your life essence.
You have superior vitality. (+4 MHP)


Message History

Your Hexes skill increases to level 9!
Your Summonings skill increases to level 9!
Your Necromancy skill increases to level 9!
Your Translocations skill increases to level 9!
Your Transmutations skill increases to level 9!
Your Fire Magic skill increases to level 9!
Your Ice Magic skill increases to level 9!
Your Air Magic skill increases to level 9!
Your Earth Magic skill increases to level 9!
Your Poison Magic skill increases to level 9!
Casting: Summon Ice Beast (dangerous; 2% risk of failure)
Confirm with . or Enter, or press ? or * to list all spells.
Aiming: Searing Ray (safe; 1% risk of failure)
Press: ? - help, Shift-Dir - straight line, f - yak
Aim: a yak (almost dead, 89% to hit)
The searing ray hits the yak!
You kill the yak! (Press . to maintain the ray.)
The yak is no longer distracted by gold.
The wall freezes the yak.
The yak gores you.
The wall freezes the yak.
The yak gores you but does no damage.
The frozen ramparts melt away.
Your ice beast hits the yak.
Your ice beast freezes the yak!
The yak dies!
The yak closely misses you.
Casting: Searing Ray (safe; 1% risk of failure)
Confirm with . or Enter, or press ? or * to list all spells.
You feel a surge of power!
Your icy armour thickens.
Your ice beast closely misses the yak.
The yak gores you!
* * * LOW HITPOINT WARNING * * *
Casting: Ozocubu's Armour (safe; 1% risk of failure)
Confirm with . or Enter, or press ? or * to list all spells.
Casting: Frozen Ramparts (safe; 1% risk of failure)
Press: ? - help, Dir - look around, f - activate You feel a surge of power!
The walls around you are covered in ice.
* * * LOW HITPOINT WARNING * * *
The wall freezes the yak.
The yak gores you!
You die...
Your body crumbles into a pile of gold.

### ..# ###
#.# ... #.#
#.###.#
#....<#
#.....#
#..#Y@###
#... #Y$$$#
#.#....$..#
$ .
#.......#
#[###.....
#. ###....
# ....Y.
......
......


You could see a yak (ally target) and a friendly ice beast (summoned).

Vanquished Creatures
  2 yaks (D:7)
  2 steam dragons (D:6)
  An acid dragon (D:6)
  An ice beast (D:6)
  3 ogres
  A centaur (D:6)
  A phantom (D:6)
  A kobold brigand (D:6)
  A scorpion (D:5)
  A gnoll bouda (D:5)
  2 hounds
  A jelly (D:6)
  A sleepcap (D:4)
  3 iguanas
  5 gnolls (D:5)
  4 adders
  A white imp (D:6)
  3 worms
  2 dart slugs (D:1)
  4 endoplasms
  4 giant cockroaches
  9 goblins
  10 hobgoblins
  2 jackals (D:4)
  6 kobolds
  7 ball pythons
  3 bats
  4 frilled lizards
  7 rats
92 creatures vanquished.

Vanquished Creatures (collateral kills)
  2 yaks (D:7)
  A worm (D:4)
  A goblin (D:4)
4 creatures vanquished.

Grand Total: 96 creatures vanquished

Notes
Turn   | Place    | Note
-------+----------+-------------------------------------------
     0 | D:1      | NateTC the Djinni Ice Elementalist began the quest for the
                  | Orb.
     0 | D:1      | NateTC set off with the following spells memorised: Freeze,
                  | Frozen Ramparts, Ozocubu's Armour, Summon Ice Beast.
     0 | D:1      | Reached XP level 1. HP: 15/15 MP: 0/0
   129 | D:1      | Reached XP level 2. HP: 20/21 MP: 0/0
   550 | D:1      | Reached XP level 3. HP: 16/25 MP: 0/0
   550 | D:1      | Learned a level 1 spell: Apportation
   595 | D:1      | Found a faded altar of an unknown god.
   816 | D:2      | Found an opulent altar of Gozag.
   833 | D:2      | Identified the +3 arbalest "Ynnosot" {flame, rC+}
   853 | D:2      | Became a worshipper of Gozag Ym Sagoz the Greedy
  1115 | D:2      | Reached XP level 4. HP: 31/31 MP: 0/0
  2221 | D:3      | Found a snail-covered altar of Cheibriados.
  2229 | D:3      | Found a broken altar of Ashenzari.
  2232 | D:3      | Found a glowing golden altar of the Shining One.
  2241 | D:3      | Found a stormy altar of Qazlal.
  2284 | D:4      | Noticed an ogre
  2293 | D:4      | Reached XP level 5. HP: 12/35 MP: 0/0
  2293 | D:4      | Learned a level 2 spell: Searing Ray
  2303 | D:4      | Killed an ogre
  2304 | D:4      | Reached skill level 5 in Spellcasting
  2304 | D:4      | Reached skill level 5 in Conjurations
  2304 | D:4      | Reached skill level 5 in Hexes
  2304 | D:4      | Reached skill level 5 in Summonings
  2304 | D:4      | Reached skill level 5 in Necromancy
  2304 | D:4      | Reached skill level 5 in Translocations
  2304 | D:4      | Reached skill level 5 in Transmutations
  2304 | D:4      | Reached skill level 5 in Fire Magic
  2304 | D:4      | Reached skill level 5 in Ice Magic
  2304 | D:4      | Reached skill level 5 in Air Magic
  2304 | D:4      | Reached skill level 5 in Earth Magic
  2304 | D:4      | Reached skill level 5 in Poison Magic
  2304 | D:4      | Reached XP level 6. HP: 10/40 MP: 0/0
  2988 | D:5      | Entered Level 5 of the Dungeon
  3032 | D:5      | Reached skill level 1 in Fighting
  3244 | D:5      | Noticed an ogre
  3247 | D:5      | Killed an ogre
  3248 | D:5      | Reached XP level 7. HP: 41/47 MP: 0/0
  3248 | D:5      | Learned a level 3 spell: Call Canine Familiar
  3315 | D:5      | Found Cuxoyble's Armour Boutique.
  3324 | D:5      | Bought a +1 helmet for 126 gold pieces
  3716 | D:6      | Found a staircase to the Ecumenical Temple.
  3725 | D:6      | Reached XP level 8. HP: 52/52 MP: 0/0
  4386 | D:7      | Noticed a yak
  4387 | D:7      | Noticed a yak
  4387 | D:7      | Noticed a yak
  4389 | D:7      | Noticed a yak
  4390 | D:7      | Noticed a yak
  4397 | D:7      | Killed a yak
  4398 | D:7      | Reached XP level 9. HP: 32/57 MP: 0/0
  4398 | D:7      | Learned a level 4 spell: Ice Form
  4402 | D:7      | Slain by a yak

Illustrated notes

Levels and vault maps discovered:
D:1:      wander_arrival_estate, layout_loops_ring,
          dreamdust_ecumenical_altar_angels_and_demons, st_stairs_11
D:2:      layout_loops_corners, basic_altar, due_unseen_surprise
D:3:      layout_rooms, minmay_overflow_temple_star_hex
D:4:      layout_basic
D:5:      layout_basic, serial_shops, shop
D:6:      layout_basic, minmay_temple_entry_sparse_star,
          nicolae_figureground_pulse
D:7:      layout_basic, kennysheep_nub, serial_bayou_pond_e,
          kennysheep_generic_room_8, uniq_duvessa

Skill      XL: |  1  2  3  4  5  6  7  8  9 |
---------------+----------------------------+-----
Spellcasting   | 4 5 6 7 8 9 |  9.4
Conjurations   | 4 5 6 7 8 9 |  9.4
Hexes          | 4 5 6 7 8 9 |  9.4
Summonings     | 4 5 6 7 8 9 |  9.4
Necromancy     | 4 5 6 7 8 9 |  9.4
Translocations | 4 5 6 7 8 9 |  9.4
Transmutations | 4 5 6 7 8 9 |  9.4
Fire Magic     | 4 5 6 7 8 9 |  9.4
Ice Magic      | 4 5 6 7 8 9 |  9.4
Air Magic      | 4 5 6 7 8 9 |  9.4
Earth Magic    | 4 5 6 7 8 9 |  9.4
Poison Magic   | 4 5 6 7 8 9 |  9.4
Fighting       | 1 |  1.1
Dodging        | |  2.1
Stealth        | |  1.5

Action                     |  1- 3 |  4- 6 |  7- 9 || total
---------------------------+-------+-------+-------++-------
  Melee: Unarmed           |     2 |       |       ||     2
   Fire: Arbalest          |     7 |    53 |    45 ||   105
   Cast: Freeze            |    37 |    10 |     4 ||    51
         Frozen Ramparts   |     1 |    15 |     6 ||    22
         Ozocubu's Armour  |       |     4 |     4 ||     8
         Searing Ray       |       |     3 |     3 ||     6
         Summon Ice Beast  |       |     1 |     2 ||     3
    Use: Scroll            |     2 |    12 |     4 ||    18
 Armour: Robe              |       |     6 |     6 ||    12
  Dodge: Dodged            |    16 |    25 |    16 ||    57
  Block: Other             |       |    10 |     2 ||    12

Table legend: (Time is in decaauts)
 A = Elapsed time spent in this place.
 B = Non-inter-level travel time spent in this place.
 C = Inter-level travel time spent in this place.
 D = Time resting spent in this place.
 E = Time spent auto-exploring this place.
 F = Levels seen in this place.
 G = Mean time per level.
                   A        B        C        D        E       F      G
               +--------+--------+--------+--------+--------+-----+--------+
         Total |   4492 |   4296 |    196 |    524 |   2570 |   7 |  641.7 |
       Dungeon |   4492 |   4296 |    196 |    524 |   2570 |   7 |  641.7 |
               +--------+--------+--------+--------+--------+-----+--------+

Top non-repeatable levels by time:
     D:2: 1007 daAuts
     D:6: 825 daAuts
     D:1: 816 daAuts
     D:4: 731 daAuts
     D:5: 610 daAuts
     D:3: 482 daAuts
     D:7: 20 daAuts
